TOP OF THE 1ST |
Syracuse Chiefs batting - Pitching for El Paso Chihuahuas : RHP Pat Matera
|
Pitching: RHP Pat Matera
|
|
Batting: RHB Dusty Ballard
|
0-0: Ball 1-0: Called Strike 1-1: Ball 2-1: Ball 3-1: Swinging Strike 3-2: Base on Balls
|
Batting: RHB Hisayuki Akiyama
|
0-0: Called Strike 0-1: Ball 1-1: DOUBLE (Line Drive, 9LS, EV 107.5 MPH) Dusty Ballard to third Runner from 3rd tries for Home, SAFE, no throw by RF
|
Batting: LHB Nick Foutz
|
0-0: Ball Hisayuki Akiyama steals 3rd base 1-0: Ball 2-0: Foul Ball, location: 2F 2-1: DOUBLE (Line Drive, 9LM, EV 110.0 MPH) Hisayuki Akiyama scores
|
Batting: LHB Jae-ik Soung
|
0-0: Ball 1-0: Ball 2-0: Called Strike 2-1: Ball 3-1: Foul Ball, location: 2F 3-2: Base on Balls
|
Batting: LHB Alexis Cantu
|
0-0: Called Strike 0-1: Ball 1-1: Ball 2-1: Fly out, F8 (Flyball, 8RXD, EV 103.1 MPH) Runner from 2nd tags up, SAFE at 3rd, no throw by CF
|
Batting: RHB Martin Guerrero
|
0-0: Ball 1-0: Ball 2-0: Foul Ball, location: 2F 2-1: Fielders Choice at 2nd, 1-6 (Groundball, 13S, EV 68.8 MPH)
|
Batting: LHB Tim Olsen
|
0-0: Ball 1-0: Foul Ball, location: 2F 1-1: Reached on error, E4 (Groundball, 4, EV 100.0 MPH) Nick Foutz scores Martin Guerrero to second
|
Batting: LHB Evan Oliveri
|
0-0: Ball 1-0: Called Strike 1-1: Ball 2-1: Ball 3-1: Base on Balls Martin Guerrero to third Tim Olsen to second
|
Batting: RHB Pat Barton
|
0-0: Called Strike 0-1: Swinging Strike 0-2: Ball 1-2: Ball 2-2: Foul Ball, location: 2F 2-2: Ball 3-2: Ground out 3-1 (Groundball, 34S, EV 80.0 MPH)
|
Top of the 1st over - 3 runs, 2 hits, 1 error, 3 left on base; Syracuse 3 - El Paso 0 |
BOTTOM OF THE 1ST |
El Paso Chihuahuas batting - Pitching for Syracuse Chiefs : LHP Virgílio Beyfus
|
Pitching: LHP Virgílio Beyfus
|
|
Batting: RHB Jerry Escamilla
|
0-0: Ball 1-0: Ball 2-0: Swinging Strike 2-1: Swinging Strike 2-2: Ball 3-2: Base on Balls
|
Batting: RHB Jeff Brower
|
0-0: Ball 1-0: Swinging Strike 1-1: Foul Ball, location: 2F 1-2: Ball 2-2: Ball 3-2: Foul Ball, location: 2F 3-2: SINGLE (Groundball, 6MD, EV 103.1 MPH) Jerry Escamilla to second
|
Batting: RHB Mike Hayward
|
0-0: Ball Wild Pitch! Jerry Escamilla to third Jeff Brower to second 1-0: Swinging Strike 1-1: Ball 2-1: 3-RUN HOME RUN (Flyball, 7D, EV 103.8 MPH), Distance : 395 ft
|
Batting: RHB Robby Godwin
|
0-0: Swinging Strike 0-1: Called Strike 0-2: Strikes out looking
|
Batting: SHB Adam Martin
|
0-0: Ball 1-0: Ball 2-0: Ball 3-0: Called Strike 3-1: Called Strike 3-2: Strikes out swinging
|
Batting: LHB Carlos Cuellar
|
0-0: Foul Ball, location: 2F 0-1: Foul Ball, location: 2F 0-2: Ball 1-2: Ball 2-2: Ground out U3 (Groundball, 3L, EV 90.6 MPH)
|
Bottom of the 1st over - 3 runs, 2 hits, 0 errors, 0 left on base; Syracuse 3 - El Paso 3 |
TOP OF THE 2ND |
Syracuse Chiefs batting - Pitching for El Paso Chihuahuas : RHP Pat Matera
|
Batting: RHB Dusty Ballard
|
0-0: Called Strike 0-1: Called Strike 0-2: Ground out 6-3 (Groundball, 6, EV 91.2 MPH)
|
Batting: RHB Hisayuki Akiyama
|
0-0: Foul Ball, location: 2F 0-1: Ball 1-1: Ball 2-1: Ball 3-1: Foul Ball, location: 2F 3-2: Base on Balls
|
Batting: LHB Nick Foutz
|
0-0: Called Strike 0-1: DOUBLE (Line Drive, 9LM, EV 100.0 MPH) Hisayuki Akiyama to third
|
Batting: LHB Jae-ik Soung
|
0-0: SINGLE (Groundball, 34D, EV 100.0 MPH) Hisayuki Akiyama scores Nick Foutz to third Runner from 3rd tries for Home, SAFE, throw by RF to home Jae-ik Soung to second
|
Batting: LHB Alexis Cantu
|
0-0: Ball 1-0: Called Strike 1-1: Ground out U3 (Groundball, 34, EV 83.1 MPH) Jae-ik Soung to third
|
Batting: RHB Martin Guerrero
|
0-0: Ball 1-0: Ball 2-0: Foul Ball, location: 2F 2-1: Swinging Strike 2-2: Foul Ball, location: 2F 2-2: Foul Ball, location: 2F 2-2: Ball 3-2: Ground out 2-3 (Groundball, 13S, EV 70.0 MPH)
|
Top of the 2nd over - 2 runs, 2 hits, 0 errors, 1 left on base; Syracuse 5 - El Paso 3 |
BOTTOM OF THE 2ND |
El Paso Chihuahuas batting - Pitching for Syracuse Chiefs : LHP Virgílio Beyfus
|
Batting: LHB Hugo MacBeth
|
0-0: Called Strike 0-1: Ball 1-1: Called Strike 1-2: Foul Ball, location: 2F 1-2: Ball 2-2: SINGLE (Line Drive, 34D, EV 98.1 MPH)
|
Batting: RHB Danny Bunn
|
0-0: Ball 1-0: Called Strike 1-1: Grounds into double play, 6-4-3 (Groundball, 6, EV 82.5 MPH)
|
Batting: SHB Harrison McLaughlin
|
0-0: Swinging Strike 0-1: Swinging Strike 0-2: Foul Ball, location: 2F 0-2: Ball 1-2: Foul Ball, location: 2F 1-2: Ball 2-2: Ball 3-2: Strikes out swinging
|
Bottom of the 2nd over - 0 runs, 1 hit, 0 errors, 0 left on base; Syracuse 5 - El Paso 3 |
TOP OF THE 3RD |
Syracuse Chiefs batting - Pitching for El Paso Chihuahuas : RHP Pat Matera
|
Batting: LHB Tim Olsen
|
0-0: Ball 1-0: Called Strike 1-1: Reached on error, E1 (Groundball, 13S, EV 68.8 MPH)
|
Batting: LHB Evan Oliveri
|
0-0: SINGLE (Groundball, 6MS, EV 75.6 MPH) (infield hit) Tim Olsen to third
|
Pitching: RHP Manny Bailon
|
|
Batting: RHB Pat Barton
|
0-0: Foul Ball, location: 2F 0-1: Ground out 4-3 (Groundball, 4S, EV 60.6 MPH) Tim Olsen scores Evan Oliveri to second
|
Batting: RHB Dusty Ballard
|
0-0: Foul Ball, location: 2F 0-1: Ball 1-1: Called Strike Evan Oliveri steals 3rd, throwing error, E2 Evan Oliveri scores 1-2: Ball 2-2: Ball 3-2: Base on Balls
|
Batting: RHB Hisayuki Akiyama
|
0-0: Ball Wild Pitch! Dusty Ballard to second 1-0: Foul Ball, location: 2F 1-1: Swinging Strike 1-2: Ground out 6-3 (Groundball, 6, EV 78.1 MPH) Dusty Ballard to third
|
Batting: LHB Nick Foutz
|
0-0: Ground out U3 (Groundball, 3, EV 94.4 MPH)
|
Top of the 3rd over - 2 runs, 1 hit, 2 errors, 1 left on base; Syracuse 7 - El Paso 3 |
BOTTOM OF THE 3RD |
El Paso Chihuahuas batting - Pitching for Syracuse Chiefs : LHP Virgílio Beyfus
|
Batting: RHB Jerry Escamilla
|
0-0: Ball 1-0: Called Strike 1-1: Fly out, F9 (Flyball, 9D, EV 98.1 MPH)
|
Batting: RHB Jeff Brower
|
0-0: Called Strike 0-1: Foul Ball, location: 2F 0-2: Ball 1-2: Foul Ball, location: 2F 1-2: Foul Ball, location: 2F 1-2: Ball 2-2: Ball 3-2: Base on Balls
|
Batting: RHB Mike Hayward
|
0-0: Ball 1-0: Foul Ball, location: 2F 1-1: Ball 2-1: Foul Ball, location: 2F 2-2: Ball 3-2: Foul Ball, location: 2F 3-2: Base on Balls Jeff Brower to second
|
Batting: RHB Robby Godwin
|
0-0: Called Strike 0-1: Ball 1-1: Ball 2-1: Ball 3-1: Swinging Strike 3-2: Base on Balls Jeff Brower to third Mike Hayward to second
|
Batting: SHB Adam Martin
|
0-0: Ball 1-0: Ball 2-0: Foul Ball, location: 2F 2-1: Swinging Strike 2-2: Foul Ball, location: 2F 2-2: GRAND SLAM HOME RUN (Flyball, 78XD, EV 104.4 MPH), Distance : 424 ft
|
Pitching: RHP Bobby Mauk
|
|
Batting: LHB Carlos Cuellar
|
0-0: SOLO HOME RUN (Flyball, 9D, EV 102.5 MPH), Distance : 386 ft
|
Batting: LHB Hugo MacBeth
|
0-0: Ball 1-0: Foul Ball, location: 2F 1-1: Called Strike 1-2: Fly out, F3 (Line Drive, 34, EV 104.4 MPH)
|
Batting: RHB Danny Bunn
|
0-0: Foul Ball, location: 2F 0-1: Swinging Strike 0-2: Strikes out swinging
|
Bottom of the 3rd over - 5 runs, 2 hits, 0 errors, 0 left on base; Syracuse 7 - El Paso 8 |
TOP OF THE 4TH |
Syracuse Chiefs batting - Pitching for El Paso Chihuahuas : RHP Manny Bailon
|
Batting: LHB Jae-ik Soung
|
0-0: Ball 1-0: Fly out, F7 (Flyball, 7S, EV 91.9 MPH)
|
Batting: LHB Alexis Cantu
|
0-0: Ball 1-0: Swinging Strike 1-1: Called Strike 1-2: Ball 2-2: Ball 3-2: Foul Ball, location: 2F 3-2: Foul Ball, location: 2F 3-2: Ground out 3-1 (Groundball, 34, EV 100.6 MPH)
|
Batting: RHB Martin Guerrero
|
0-0: Called Strike 0-1: Ball 1-1: Ball 2-1: Foul Ball, location: 2F 2-2: Ball 3-2: Base on Balls
|
Batting: LHB Tim Olsen
|
0-0: Called Strike 0-1: Swinging Strike 0-2: Ball 1-2: Strikes out looking
|
Top of the 4th over - 0 runs, 0 hits, 0 errors, 1 left on base; Syracuse 7 - El Paso 8 |
BOTTOM OF THE 4TH |
El Paso Chihuahuas batting - Pitching for Syracuse Chiefs : RHP Bobby Mauk
|
Batting: SHB Harrison McLaughlin
|
0-0: DOUBLE (Groundball, 3L, EV 100.6 MPH)
|
Batting: RHB Jerry Escamilla
|
0-0: Ball 1-0: Foul Ball, location: 2F 1-1: Ball 2-1: Swinging Strike 2-2: Ball 3-2: Foul Ball, location: 2F 3-2: SINGLE (Groundball, 56D, EV 103.1 MPH) Harrison McLaughlin to third
|
Batting: RHB Jeff Brower
|
0-0: Called Strike Jerry Escamilla steals 2nd base 0-1: Foul Ball, location: 2F 0-2: Foul Ball, location: 2F 0-2: Ball 1-2: Foul Ball, location: 2F 1-2: Fly out, F8 (Flyball, 8LS, EV 96.9 MPH)
|
Batting: RHB Mike Hayward
|
0-0: Fly out, F8 (Flyball, 8RM, EV 90.0 MPH)
|
Batting: RHB Robby Godwin
|
0-0: Called Strike 0-1: Called Strike 0-2: Ball 1-2: Strikes out looking
|
Bottom of the 4th over - 0 runs, 2 hits, 0 errors, 2 left on base; Syracuse 7 - El Paso 8 |
TOP OF THE 5TH |
Syracuse Chiefs batting - Pitching for El Paso Chihuahuas : RHP Manny Bailon
|
Batting: LHB Evan Oliveri
|
0-0: Ball 1-0: Swinging Strike 1-1: Ground out 4-3 (Groundball, 4M, EV 86.9 MPH)
|
Batting: RHB Pat Barton
|
0-0: Called Strike 0-1: Ball 1-1: Ball 2-1: Foul Ball, location: 2F 2-2: Ball 3-2: SINGLE (Groundball, 34D, EV 95.0 MPH)
|
Batting: RHB Dusty Ballard
|
0-0: Grounds into double play, 4-6-3 (Groundball, 4, EV 77.5 MPH)
|
Top of the 5th over - 0 runs, 1 hit, 0 errors, 0 left on base; Syracuse 7 - El Paso 8 |
BOTTOM OF THE 5TH |
El Paso Chihuahuas batting - Pitching for Syracuse Chiefs : RHP Bobby Mauk
|
Batting: SHB Adam Martin
|
0-0: Ball 1-0: Called Strike 1-1: Ball 2-1: Ball 3-1: Foul Ball, location: 2F 3-2: Strikes out swinging
|
Batting: LHB Carlos Cuellar
|
0-0: Ball 1-0: Called Strike 1-1: Foul Ball, location: 2F 1-2: SINGLE (Line Drive, 7LS, EV 105.0 MPH)
|
Batting: LHB Hugo MacBeth
|
0-0: Ball 1-0: DOUBLE (Line Drive, 9LS, EV 101.9 MPH) Carlos Cuellar to third Runner from 3rd tries for Home, SAFE, throw by RF to home
|
Batting: RHB Danny Bunn
|
0-0: DOUBLE (Line Drive, 78D, EV 107.5 MPH) Hugo MacBeth scores
|
Pitching: LHP Eric Bice
|
|
Pinch Runner at 2nd Andy Sheridan:
|
|
Batting: SHB Harrison McLaughlin
|
0-0: Hit by Pitch
|
Batting: RHB Jerry Escamilla
|
0-0: Ball 1-0: Ball 2-0: Fly out, F8 (Flyball, 8RXD, EV 89.4 MPH)
|
Batting: RHB Jeff Brower
|
0-0: Ball 1-0: Ball 2-0: Ball 3-0: Called Strike 3-1: Base on Balls Andy Sheridan to third Harrison McLaughlin to second
|
Batting: RHB Mike Hayward
|
0-0: Ball 1-0: Ball 2-0: Ball 3-0: Called Strike 3-1: Swinging Strike 3-2: Foul Ball, location: 2F 3-2: Ground out 6-3 (Groundball, 6S, EV 83.1 MPH)
|
Bottom of the 5th over - 2 runs, 3 hits, 0 errors, 3 left on base; Syracuse 7 - El Paso 10 |
TOP OF THE 6TH |
Syracuse Chiefs batting - Pitching for El Paso Chihuahuas : RHP Manny Bailon
|
Batting: RHB Hisayuki Akiyama
|
0-0: Foul Ball, location: 2F 0-1: TRIPLE (Flyball, 78XD, EV 106.9 MPH)
|
Batting: LHB Nick Foutz
|
0-0: Ball 1-0: Ground out 4-3 (Groundball, 4, EV 98.8 MPH) Hisayuki Akiyama scores
|
Batting: LHB Jae-ik Soung
|
0-0: Called Strike 0-1: Ground out 4-3 (Groundball, 4, EV 90.0 MPH)
|
Batting: LHB Alexis Cantu
|
0-0: Ground out U3 (Groundball, 34, EV 109.4 MPH)
|
Top of the 6th over - 1 run, 1 hit, 0 errors, 0 left on base; Syracuse 8 - El Paso 10 |
BOTTOM OF THE 6TH |
El Paso Chihuahuas batting - Pitching for Syracuse Chiefs : LHP Eric Bice
|
Batting: RHB Robby Godwin
|
0-0: Called Strike 0-1: Foul Ball, location: 2F 0-2: Strikes out swinging
|
Batting: SHB Adam Martin
|
0-0: DOUBLE (Flyball, 8LXD, EV 90.0 MPH)
|
Batting: LHB Carlos Cuellar
|
0-0: Ball 1-0: Fly out, F8 (Flyball, 8RD, EV 96.9 MPH) Runner from 2nd tags up, SAFE at 3rd with throw by CF
|
Batting: LHB Hugo MacBeth
|
0-0: Ball 1-0: Ball 2-0: Called Strike 2-1: Foul Ball, location: 2F 2-2: Strikes out looking
|
Bottom of the 6th over - 0 runs, 1 hit, 0 errors, 1 left on base; Syracuse 8 - El Paso 10 |
TOP OF THE 7TH |
Syracuse Chiefs batting - Pitching for El Paso Chihuahuas : RHP Manny Bailon
|
Pitching: RHP Omar Torres
|
|
Batting: RHB Martin Guerrero
|
0-0: Ball 1-0: Swinging Strike 1-1: SOLO HOME RUN (Flyball, 7D, EV 104.4 MPH), Distance : 395 ft
|
Batting: LHB Tim Olsen
|
0-0: Ball 1-0: Ball 2-0: Ball 3-0: Called Strike 3-1: Base on Balls
|
Batting: LHB Evan Oliveri
|
0-0: Bunted foul 0-1: Sac Bunt to 15S - play at first, batter OUT! 1-3 Tim Olsen to second
|
Pinch Hitting: LHB Doug Anderson
|
0-0: Ball 1-0: Called Strike 1-1: Swinging Strike 1-2: Ball Wild Pitch! Tim Olsen to third 2-2: Foul Ball, location: 2F 2-2: Strikes out looking
|
Batting: RHB Dusty Ballard
|
0-0: Called Strike 0-1: Ball 1-1: Called Strike 1-2: Ball 2-2: Ball 3-2: Foul Ball, location: 2F 3-2: Strikes out swinging
|
Top of the 7th over - 1 run, 1 hit, 0 errors, 1 left on base; Syracuse 9 - El Paso 10 |
BOTTOM OF THE 7TH |
El Paso Chihuahuas batting - Pitching for Syracuse Chiefs : LHP Eric Bice
|
Pitching: RHP Aaron McKinney
|
|
Now at 3B: Hisayuki Akiyama
|
|
Now at SS: Dave Brabo
|
|
Batting: RHB Andy Sheridan
|
0-0: Ball 1-0: Ball 2-0: Foul Ball, location: 2F 2-1: Swinging Strike 2-2: Ball 3-2: SINGLE (Line Drive, 7S, EV 90.0 MPH)
|
Batting: SHB Harrison McLaughlin
|
0-0: Bunt missed! 0-1: Bunted foul 0-2: Ball 1-2: Foul Ball, location: 2F 1-2: Ball 2-2: Fly out, F8 (Flyball, 8LS, EV 72.5 MPH)
|
Batting: RHB Jerry Escamilla
|
0-0: Called Strike 0-1: Foul Ball, location: 2F 0-2: Strikes out swinging
|
Batting: RHB Jeff Brower
|
0-0: Called Strike 0-1: Ball 1-1: Called Strike 1-2: Ball 2-2: Ball 3-2: Ground out 5-3 (Groundball, 5S, EV 83.8 MPH)
|
Bottom of the 7th over - 0 runs, 1 hit, 0 errors, 1 left on base; Syracuse 9 - El Paso 10 |
TOP OF THE 8TH |
Syracuse Chiefs batting - Pitching for El Paso Chihuahuas : RHP Omar Torres
|
Batting: RHB Hisayuki Akiyama
|
0-0: Ball 1-0: Called Strike 1-1: Swinging Strike 1-2: Strikes out looking
|
Batting: LHB Nick Foutz
|
0-0: Called Strike 0-1: Ground out U3 (Groundball, 34, EV 103.8 MPH)
|
Batting: LHB Jae-ik Soung
|
0-0: Swinging Strike 0-1: Called Strike 0-2: Foul Ball, location: 2F 0-2: Ball 1-2: Strikes out swinging
|
Top of the 8th over - 0 runs, 0 hits, 0 errors, 0 left on base; Syracuse 9 - El Paso 10 |
BOTTOM OF THE 8TH |
El Paso Chihuahuas batting - Pitching for Syracuse Chiefs : RHP Aaron McKinney
|
Pitching: RHP Dan Landry
|
|
Batting: RHB Mike Hayward
|
0-0: Foul Ball, location: 2F 0-1: Ball 1-1: Swinging Strike 1-2: Ball 2-2: Foul Ball, location: 2F 2-2: Fly out, F6 (Popup, 6D, EV 48.8 MPH)
|
Batting: RHB Robby Godwin
|
0-0: Ground out 6-3 (Groundball, 4MS, EV 66.9 MPH)
|
Batting: SHB Adam Martin
|
0-0: Called Strike 0-1: Ball 1-1: Ball 2-1: Ball 3-1: Ground out 4-3 (Groundball, 34, EV 96.9 MPH)
|
Bottom of the 8th over - 0 runs, 0 hits, 0 errors, 0 left on base; Syracuse 9 - El Paso 10 |
TOP OF THE 9TH |
Syracuse Chiefs batting - Pitching for El Paso Chihuahuas : RHP Omar Torres
|
Pitching: RHP Colin Dorsey
|
|
Batting: LHB Alexis Cantu
|
0-0: Ground out 4-3 (Groundball, 34D, EV 105.0 MPH)
|
Batting: RHB Martin Guerrero
|
0-0: Swinging Strike 0-1: Swinging Strike 0-2: Ball 1-2: Ball 2-2: Strikes out swinging
|
Batting: LHB Tim Olsen
|
0-0: Ground out 6-3 (Groundball, 4M, EV 106.2 MPH)
|
Top of the 9th over - 0 runs, 0 hits, 0 errors, 0 left on base; Syracuse 9 - El Paso 10 |
|